 Dungeon Crawl Stone Soup version 0.19-a0-1216-g363869b (webtiles) character file.

12585 tempioso the Carver (level 11, -3/82 HPs)
             Began as a Centaur Fighter on Aug 24, 2016.
             Was a High Priest of Hepliaklqana.
             Killed from afar by Lil G the battlemage (7 damage)
             ... with an exploding inner flame
             ... created by the player character
             ... hexed by the player character
             ... on level 1 of the Spider Nest.
             The game lasted 00:51:35 (11513 turns).

tempioso the Carver (Centaur Fighter)              Turns: 11513, Time: 00:51:37

Health: -3/82      AC:  7    Str: 20    XL:     11   Next: 64%
Magic:  9/17       EV: 12    Int:  7    God:    Hepliaklqana [*****.]
Gold:   341        SH: 13    Dex: 13    Spells: 1 memorised, 7 levels left

rFire  + . .     SeeInvis .     a - +1 long sword
rCold  . . .     Gourm    .     I - +2 robe {rF+}
rNeg   . . .     Faith    +     c - +2 shield
rPois  .         Spirit   .     (no helmet)
rElec  .         Dismiss  .     (no cloak)
rCorr  .         Reflect  .     x - +0 pair of gloves
MR     .....     Harm     .     (no barding)
Stlth  +......... Rnd*Rage +    H - amulet of faith
                                (no ring)
                                e - ring of flight

@: very quick
A: hooves 3, agile 1, berserk 1, deformed body, speed 2, robust 1, tough skin 3
a: Recall Ancestor, Ancestor Identity, Transference, Idealise, Renounce
Religion, Evoke Flight


You were on level 1 of the Spider Nest.
You worshipped Hepliaklqana.
Hepliaklqana was extremely pleased with you.
You were not hungry.

You visited 3 branches of the dungeon, and saw 11 of its levels.
You also visited: Volcano.

You collected 341 gold pieces.

Inventory:

Hand Weapons
 a - a +1 long sword (weapon)
 s - a +0 halberd of flaming
Armour
 b - a +0 scale mail
 c - a +2 shield (worn)
 p - a +0 ring mail
 w - a +2 ring mail of poison resistance
 x - a +0 pair of gloves (worn)
 I - a +2 robe of fire resistance (worn)
Jewellery
 e - a ring of flight (left hand)
 m - an uncursed ring of ice
 o - an uncursed amulet of dismissal
 H - an amulet of faith (around neck)
Wands
 f - a wand of iceblast (9/15)
 n - a wand of flame (38/48)
 y - a wand of slowing (19/48)
Scrolls
 i - 2 scrolls of recharging
 k - 2 scrolls of identify
 r - 2 scrolls of magic mapping
 z - 3 scrolls of remove curse
 A - a scroll of random uselessness
 C - a scroll of fog
Potions
 v - 3 potions of flight {unknown}
 E - a potion of berserk rage {unknown}
 G - a potion of degeneration {unknown}
Books
 u - a book of the Tempests

   Spells                             Type                      Level
   a - Static Discharge               Conjuration/Air              3
   b - Lightning Bolt                 Conjuration/Air              5
   c - Fireball                       Conjuration/Fire             5
   d - Tornado                        Air                          9
   e - Shatter                        Earth                        9
Comestibles
 g - 2 meat rations
 t - 7 bread rations


   Skills:
 - Level 3.0 Fighting
 * Level 9.1 Long Blades
 + Level 4.2 Armour
 + Level 5.5 Dodging
 - Level 9.0 Shields
 - Level 8.2 Invocations


You had 7 spell levels left.
You knew the following spells:

 Your Spells              Type           Power        Failure   Level  Hunger
a - Static Discharge      Conj/Air       #.......     96%         3    ####...


Dungeon Overview and Level Annotations

Branches:
Dungeon (8/15)             Temple (0/1) D:7            Lair (2/6) D:8
 Spider (1/4) Lair:2
  Swamp: Lair:2-4    Shoals: Lair:2-4

Altars:
Ashenzari
Elyvilon
Fedhas
Hepliaklqana
Qazlal
Sif Muna
Yredelemnul
The Shining One

Annotations:
Spider:1 cerealjynx's ghost, adept MiFi


Innate Abilities, Weirdness & Mutations

You have hooves in place of feet.
Armour fits poorly on your strangely shaped body.
You cover ground very quickly.
You have extremely tough skin. (AC +3)
You are agile. (Dex +2)
You tend to lose your temper in combat.
You are robust. (+10% HP)


Message History

The wolf spider swaps with Lil G!
The demonic crawler is drained by nostalgia.
The demonic crawler hits Lil G.
The demonic crawler hits Lil G!
The demonic crawler barely misses Lil G.
Lil G gestures at the demonic crawler while chanting.
The puff of frost hits the demonic crawler.
The demonic crawler resists.
The redback closely misses Lil G.
The wolf spider hits Lil G!!
Lil G the battlemage explodes!
The fiery explosion engulfs the demonic crawler.
The demonic crawler resists.
The demonic crawler is moderately wounded.
The fiery explosion engulfs the wolf spider.
The wolf spider is severely wounded.
The fiery explosion engulfs the redback.
You kill the redback!
The fiery explosion engulfs the wolf spider.
The wolf spider is severely wounded.
The fiery explosion engulfs you! You resist.
You die...

..............##.....##≈
..............#......#..
.........s...>..........
..............[.........
....................^.....
..........................
.........^.....sss........
..............s§§§.....$..
.....^.........s@§......
........###.^.........## ##
........# #.#..........##
..# .........
####..........# ...#
.......... ##........###
...≈≈ ...........
#.≈#........<#≈....≈
...............#..........#
............
###...........#
##..........#


You could see a demonic crawler, 4 wolf spiders and a redback.

Vanquished Creatures
  A spiny frog (Lair:2)
  3 komodo dragons
  A jumping spider (Spider:1)
  2 blink frogs (Lair:1)
  2 redbacks
  A spriggan (D:7)
  3 yaks (Lair:1)
  2 humans (Volcano)
  2 hippogriffs (Lair:1)
  Menkaure (D:4)
  Duvessa (D:5)
  3 water moccasins
  3 porcupines
  A necrophage (D:6)
  An ogre (D:7)
  6 wolves
  A crocodile (Lair:1)
  A giant frog (D:8)
  2 hounds
  A centaur zombie (D:5)
  2 giant frog skeletons (D:4)
  3 jellies
  A centaur skeleton (D:6)
  An iron imp (D:5)
  2 orc wizards
  2 worker ants
  7 sheep (Lair:1)
  A hound skeleton (D:7)
  4 gnolls
  5 adders
  An adder skeleton (D:6)
  3 worms
  3 dart slugs
  4 giant geckos
  10 orcs
  3 ball pythons
  4 giant cockroaches
  5 goblins
  10 hobgoblins
  10 jackals
  6 kobolds
  A quokka (D:5)
  3 bats
  4 giant newts
  2 gnoll zombies (D:7)
  A goblin skeleton (D:5)
  2 hobgoblin zombies (D:5)
  A kobold skeleton (D:5)
  2 kobold zombies (D:5)
  2 orc skeletons (D:5)
  5 rats
148 creatures vanquished.

Vanquished Creatures (collateral kills)
  A wolf spider (Spider:1)
  A black mamba (Lair:2)
  9 komodo dragons
  A blink frog (Lair:1)
  5 yaks (Lair:1)
  A tarantella (Spider:1)
  2 redbacks
  A basilisk (Lair:2)
  3 hippogriffs
  A human (Volcano)
  A water moccasin (Lair:2)
  An orc warrior (D:6)
  2 porcupines (Lair:1)
  An ice beast (D:5)
  10 wolves
  A crocodile (Lair:1)
  2 giant frogs
  Dowan (D:5)
  2 crimson imps
  A hound (D:8)
  2 orc priests (D:6)
  An iguana (D:8)
  A worker ant (D:7)
  A sheep (Lair:1)
  3 gnolls
  A shadow imp (D:6)
  2 worms (D:3)
  A giant gecko (D:2)
  7 orcs
  2 giant cockroaches
  A goblin (D:3)
  A hobgoblin (D:3)
  A jackal (D:3)
  A kobold (D:2)
  2 rats
  A plant (D:8)
75 creatures vanquished.

Vanquished Creatures (others)
  A toenail golem (Volcano)
  6 battlemagi
  3 ancestors
  A fungus (Lair:2)
  2 plants
13 creatures vanquished.

Grand Total: 236 creatures vanquished

Notes
Turn   | Place    | Note
-------+----------+-------------------------------------------
     0 | D:1      | tempioso the Centaur Fighter began the quest for the Orb.
     0 | D:1      | Reached XP level 1. HP: 19/19 MP: 1/1
   348 | D:1      | Reached skill level 1 in Dodging
   348 | D:1      | Reached XP level 2. HP: 21/26 MP: 2/2
  1141 | D:2      | Found a deep blue altar of Sif Muna.
  1148 | D:2      | Reached XP level 3. HP: 22/31 MP: 3/3
  1307 | D:2      | Found a hazy altar of Hepliaklqana.
  1321 | D:2      | Became a worshipper of Hepliaklqana
  1512 | D:2      | Reached XP level 4. HP: 17/34 MP: 4/4
  1939 | D:3      | Found a faded altar of an unknown god.
  2303 | D:3      | Reached XP level 5. HP: 39/40 MP: 5/5
  2520 | D:3      | Reached * piety under Hepliaklqana
  2576 | D:3      | Found a shattered altar of Ashenzari.
  3218 | D:4      | Found a white marble altar of Elyvilon.
  3389 | D:4      | Noticed Menkaure
  3400 | D:4      | Killed Menkaure
  3400 | D:4      | Reached XP level 6. HP: 9/45 MP: 4/6
  3785 | D:4      | Reached ** piety under Hepliaklqana
  3786 | D:4      | Remembered your ancestor Lil G as a battlemage
  4011 | D:5      | Entered Level 5 of the Dungeon
  4349 | D:5      | Noticed an ice beast
  4361 | D:5      | Killed an ice beast
  4361 | D:5      | Reached XP level 7. HP: 51/51 MP: 7/7
  4366 | D:5      | Noticed Duvessa
  4366 | D:5      | Noticed Dowan
  4374 | D:5      | Killed Duvessa
  4381 | D:5      | Killed Dowan
  4487 | D:5      | Reached skill level 5 in Dodging
  4754 | D:5      | Found a glowing golden altar of the Shining One.
  4855 | D:6      | Found a blossoming altar of Fedhas.
  5119 | D:6      | Learned a level 3 spell: Static Discharge
  5177 | D:6      | Reached XP level 8. HP: 45/55 MP: 8/8
  5249 | D:6      | Reached *** piety under Hepliaklqana
  5359 | D:6      | Reached skill level 5 in Shields
  5753 | D:7      | Found a stormy altar of Qazlal.
  6116 | D:7      | Reached skill level 1 in Invocations
  6161 | D:7      | Reached **** piety under Hepliaklqana
  6288 | D:7      | Found a basalt altar of Yredelemnul.
  6551 | D:7      | Found a staircase to the Ecumenical Temple.
  6815 | D:8      | Noticed a komodo dragon
  6815 | D:8      | Found a staircase to the Lair.
  6845 | D:8      | Killed a komodo dragon
  6845 | D:8      | Reached XP level 9. HP: 61/61 MP: 10/10
  6851 | Lair:1   | Entered Level 1 of the Lair of Beasts
  6931 | Lair:1   | Gained mutation: You tend to lose your temper in combat. [potion of mutation]
  6931 | Lair:1   | Gained mutation: You are robust. (+10% HP) [potion of mutation]
  6931 | Lair:1   | Gained mutation: You are agile. (Dex +2) [potion of mutation]
  7321 | Lair:1   | Reached skill level 5 in Long Blades
  7639 | Lair:1   | Noticed a komodo dragon
  7648 | Lair:1   | Killed a komodo dragon
  7683 | Lair:1   | Reached skill level 5 in Invocations
  7683 | Lair:1   | Reached XP level 10. HP: 62/77 MP: 10/13
  8003 | Lair:1   | Reached ***** piety under Hepliaklqana
  9472 | Lair:2   | Reached XP level 11. HP: 16/82 MP: 16/16
  9866 | Lair:2   | Found a dark tunnel.
  9872 | Volcano  | Entered a volcano
  9872 | Volcano  | Noticed Telfortrocks's ghost (novice MiGl)
 10374 | Lair:2   | HP: 2/82 [komodo dragon (9)]
 10826 | Lair:2   | Found a hole to the Spider Nest.
 11247 | Spider:1 | Entered Level 1 of the Spider Nest
 11247 | Spider:1 | Noticed a wolf spider
 11254 | Spider:1 | Killed a wolf spider
 11490 | Spider:1 | Noticed an emperor scorpion
 11496 | Spider:1 | Noticed a wolf spider
 11497 | Spider:1 | Noticed a wolf spider
 11497 | Spider:1 | Noticed cerealjynx's ghost (adept MiFi)
 11507 | Spider:1 | Noticed a wolf spider
 11511 | Spider:1 | HP: 3/82 [demonic crawler (11)]
 11513 | Spider:1 | Noticed a wolf spider
 11513 | Spider:1 | Killed from afar by Lil G the battlemage

Vault maps used:
D:1:      matt_arrival_diagonals, minivault_25
D:2:      old_standard_altar, nicolae_overflow_crystal_walls
D:3:      nicolae_ashenzari_panopticon, ecumenical_altar_1,
          minmay_misc_feat_square
D:4:      kennysheep_mini, first_bread, minivault_25, uniq_menkaure
D:5:      nicolae_tso_besieged_by_evil, uniq_duvessa
D:6:      lemuel_crystal_altar
D:7:      lemuel_zombie_altar_yredelemnul, minmay_misc_feat_encased, the_bakery,
          grunt_qazlal_clouds
D:8:      lemuel_round_altar, david_lair_shrubbed, uniq_grum
Lair:1:   nicolae_lair_grove_arrangements
Lair:2:   minmay_shoals_entry_beasts, spider_nest_entry_webs, enter_volcano_1,
          grunt_forest_stairs_basic, beast_lair_carwin_10
Volcano:  volcano_bunker

Skill      XL: |  1  2  3  4  5  6  7  8  9 10 11 |
---------------+----------------------------------+-----
Dodging        | 1 2 3 4 5 |  5.5
Shields        | 3 4 6 8 9 |  9.0
Long Blades    | 2 4 5 7 9 |  9.1
Invocations    | 2 5 6 8 |  8.2
Armour         | 3 4 |  4.2
Fighting       | |  3.0

Action                   |  1- 3 |  4- 6 |  7- 9 | 10-12 || total
-------------------------+-------+-------+-------+-------++-------
Melee: Long sword        |   113 |   199 |   336 |   256 ||   904
       Kick              |    17 |    37 |    89 |   103 ||   246
Invok: Ancestor Identity |     1 |       |       |       ||     1
       Recall Ancestor   |       |     5 |     6 |     6 ||    17
       Ancestor Life: Ba |       |     1 |       |       ||     1
       Transference      |       |       |       |     2 ||     2
       Idealise          |       |       |       |     1 ||     1
  Use: Scroll            |       |     4 |     7 |     6 ||    17
       Potion            |       |       |     6 |     8 ||    14
 Stab: Distracted        |       |     1 |     3 |     4 ||     8
  Eat: Bread ration      |     1 |       |       |       ||     1
       Chunk             |       |     2 |     1 |     4 ||     7
       Pizza             |       |     1 |     2 |       ||     3
       Royal jelly       |       |     1 |       |       ||     1
       Meat ration       |       |       |     1 |     2 ||     3
Armor: Scale mail        |    35 |    72 |       |       ||   107
       Ring mail         |       |    25 |    86 |    16 ||   127
       Skin              |       |       |    20 |       ||    20
       Robe              |       |       |       |    15 ||    15
Dodge: Dodged            |    25 |    48 |    90 |    63 ||   226
Block: Shield            |    41 |    96 |   168 |   137 ||   442
